 Dungeon Crawl Stone Soup version 0.31.0-9-g3a7656b989 (webtiles) character file.

Game seed: 4687534850156043256

5187 qw the Markself (level 10, -3/58 HPs)
             Began as a Deep Elf Hunter on Feb 2, 2024.
             Was an Elder of Okawaru.
             Slain by a death yak (5 damage)
             ... on level 8 of the Dungeon.
             The game lasted 00:00:31 (5988 turns).

qw the Markself (Deep Elf Hunter)                   Turns: 5988, Time: 00:00:32

Health: -3/58      AC: 12    Str: 16    XL:     10   Next: 34%
Magic:  12/15      EV: 15    Int: 15    God:    Okawaru [****..]
Gold:   409        SH:  0    Dex: 20    Spells: 9/9 levels left

rFire   + . .        i - +2 arbalest (freeze)
rCold   . . .        (shield currently unavailable)
rNeg    . . .        q - +0 ring mail
rPois   +            (no helmet)
rElec   .            b - +1 cloak of Haunted Satisfaction {*Slow rF+ Regen+ rCorr}
rCorr   +            e - +2 pair of gloves
SInv    .            o - +0 pair of boots "Egymoahe" {Fly}
Will    +....        (no amulet)
Stlth   +            j - ring of poison resistance
HPRegen 1.09/turn    m - +6 ring of strength
MPRegen 0.14/turn

%: slow self (1%)
@: finesse-ful, flying
A: no striking features
a: Renounce Religion, Heroism, Finesse


You were on level 8 of the Dungeon.
You worshipped Okawaru.
Okawaru was greatly pleased with you.
You visited 1 branch of the dungeon, and saw 8 of its levels.
You also visited: Sewer.

You collected 409 gold pieces.


   Skills:
 - Level 4.4 Fighting
 + Level 15.6 Ranged Weapons
 - Level 3.5 Armour
 - Level 7.8 Dodging
 - Level 1.2 Stealth
 + Level 4.2 Invocations


You had 9 spell levels left.
You didn't know any spells.
Your spell library was empty.

Inventory:

Hand Weapons
 i - a +2 arbalest of freezing (weapon)
Armour
 b - the +1 cloak of Haunted Satisfaction (worn) {*Slow rF+ Regen+ rCorr}
   (You acquired it on level 2 of the Dungeon)

   rF+:       It protects you from fire.
   Regen+:    It increases your rate of health regeneration.
   rCorr:     It protects you from acid and corrosion.
   *Slow:     It may slow you when you take damage.
 e - a +2 pair of gloves (worn)
 o - the +0 pair of boots "Egymoahe" (worn) {Fly}
   (You found it on level 7 of the Dungeon)

   Fly:       It grants you flight.
 q - a +0 ring mail (worn)
Jewellery
 g - an amulet of guardian spirit
 j - a ring of poison resistance (left hand)
 m - a +6 ring of strength (right hand)
Wands
 c - a wand of roots (10)
 h - a wand of polymorph (15)
 k - a wand of paralysis (10)
Potions
 a - a potion of haste
 l - 2 potions of might
 n - a potion of mutation
 s - a potion of cancellation {unknown}
 t - a potion of curing {unknown}
 u - a potion of enlightenment {unknown}

Dungeon Overview and Level Annotations

Branches:
Dungeon (8/15)             Temple (0/1) D:7           Sewer (visited)
   Lair: D:8-11

Altars:
Ashenzari
Fedhas
Okawaru
Qazlal
Sif Muna
Vehumet
Xom

Shops:
D:2 (


Message History

The death yak bellows!
The bolt hits the death yak but does no damage.
The death yak is heavily wounded.
You shoot a bolt.
The bolt hits the death yak but does no damage.
The death yak is heavily wounded.
You shoot a bolt.
The bolt hits the death yak but does no damage.
The death yak is heavily wounded.
The death yak closely misses you.
A death yak comes into view.
You shoot a bolt. The bolt hits the death yak!!
The bolt freezes the death yak.
The death yak is severely wounded.
The death yak gores you!!
5980 ||| RETREEEEATING.
You shoot a bolt. The bolt barely misses the death yak.
You shoot a bolt. The bolt hits the death yak.
The bolt freezes the death yak.
The death yak is almost dead.
The death yak barely misses you. The death yak gores you!
You shoot a bolt.
The bolt hits the death yak but does no damage.
The death yak is almost dead.
The death yak gores you.
You shoot a bolt. The bolt hits the death yak!!
The bolt freezes the death yak.
You kill the death yak!
Okawaru is honoured by your kill.
You can now speed up your combat.
The death yak gores you!!
5985 ||| DRINKING potion of heal wounds.
You feel much better. The death yak gores you!
You shoot a bolt. The bolt hits the death yak!
The bolt freezes the death yak.
The death yak is heavily wounded.
The death yak gores you!
You shoot a bolt. The bolt hits the death yak.
The bolt freezes the death yak.
The death yak is severely wounded.
You shoot a bolt.
The bolt hits the death yak but does no damage.
The death yak is severely wounded.
The death yak gores you.
You die...

.... #.....# $..Y. #.....#
.... ######+###.....#
..#..Y#..##.....######
.Y....#...#.....#....#
YY....'...#.....#....#
#Y..#.....#....#
#Y..#.....#....#
######@Y.......#....#
#....%.............##
#...####..##########
###########.....#
##....#..........#
#.....'..........#######
#.....#..........).....#
#########.....#####......#
#.........##+##...#......#


You could see 3 death yaks.

Vanquished Creatures
  4 death yaks (D:8)
  A wyvern (D:8)
  2 steam dragons (D:7)
  3 black bears
  Pargi (Sewer)
  A sky beast (D:7)
  3 ogres
  3 centaurs (D:7)
  A phantom (D:4)
  A kobold brigand (Sewer)
  Blork the orc (D:5)
  A bullfrog (D:7)
  A scorpion (D:4)
  A wight (D:8)
  7 killer bees (D:8)
  5 jellies
  3 bombardier beetles
  An orc priest (D:6)
  3 sleepcaps
  7 hounds
  Jessica (D:3)
  2 iguanas (D:5)
  2 orc wizards
  4 adders
  2 shadow imps
  2 white imps
  2 ufetubi (D:4)
  2 dart slugs
  2 ribbon worms
  21 orcs
  7 endoplasms
  6 giant cockroaches
  4 goblins
  8 hobgoblins
  A quokka (D:1)
  7 ball pythons
  11 bats
  6 frilled lizards
  16 kobolds
  6 rats
162 creatures vanquished.

Notes
Turn   | Place    | Note
-------+----------+-------------------------------------------
     0 | D:1      | qw the Deep Elf Hunter began the quest for the Orb.
     0 | D:1      | Reached XP level 1. HP: 12/12 MP: 3/3
     0 | D:1      | 0 ||| qw: Version: 0.3-a-155-g5e7d8dd
     0 | D:1      | 0 ||| qw: Game counter: 1449
     0 | D:1      | 0 ||| qw: Melee chars always use a shield: true
     0 | D:1      | 0 ||| qw: God list: Okawaru
     0 | D:1      | 0 ||| qw: Allow faded altars: false
     0 | D:1      | 0 ||| qw: Do Orc after clearing Dungeon:15 true
     0 | D:1      | 0 ||| qw: Do second Lair branch before Depths: true
     0 | D:1      | 0 ||| qw: Lair rune preference: random
     0 | D:1      | 0 ||| qw: Goals: Normal
     0 | D:1      | 0 ||| PLANNING D:1-11
    90 | D:1      | Reached XP level 2. HP: 16/16 MP: 4/4
    93 | D:1      | Reached skill level 6 in Ranged Weapons
   259 | D:1      | Reached XP level 3. HP: 20/20 MP: 5/5
   533 | D:1      | 533 ||| UPGRADING to +0 pair of gloves.
   538 | D:1      | 538 ||| UPGRADING to amulet of guardian spirit.
   543 | D:1      | 543 ||| READING scroll labelled VOCUQO ODUAMN.
   548 | D:1      | 548 ||| READING scroll labelled FOUVOH YNICEEDE.
   548 | D:1      | 548 ||| IDENTIFYING inky potion
   549 | D:1      | 549 ||| DROPPING scroll of butterflies.
   564 | D:2      | 564 ||| STAIRDANCE
   599 | D:2      | Reached skill level 7 in Ranged Weapons
   740 | D:2      | Found Qibriss's Weapon Boutique.
  1072 | D:2      | 1072 ||| UPGRADING to +0 cloak.
  1077 | D:2      | 1077 ||| UPGRADING to ring of poison resistance.
  1078 | D:2      | 1078 ||| READING scroll of identify.
  1078 | D:2      | 1078 ||| IDENTIFYING purple potion
  1079 | D:2      | 1079 ||| READING scroll labelled VEITIF BIKUWNE.
  1079 | D:2      | 1079 ||| ENCHANTING +0 pair of gloves.
  1080 | D:2      | 1080 ||| READING scroll labelled POODDA ZYCUL.
  1081 | D:2      | 1081 ||| READING scroll labelled ASEYZO SEERCHUY.
  1082 | D:2      | 1082 ||| READING scroll labelled OSEIBY XEGAU.
  1082 | D:2      | Identified a scroll of acquirement
  1082 | D:2      | 1082 ||| ACQUIRING +1 cloak of Haunted Satisfaction {*Slow
                  | rF+ Regen+ rCorr}
  1082 | D:2      | Acquired the +1 cloak of Haunted Satisfaction {*Slow rF+
                  | Regen+ rCorr}
  1084 | D:2      | 1084 ||| UPGRADING to +1 cloak of Haunted Satisfaction
                  | {*Slow rF+ Regen+ rCorr}.
  1094 | D:2      | 1094 ||| DROPPING +0 cloak.
  1095 | D:2      | 1095 ||| READING scroll labelled MAVVUOTSUSM.
  1096 | D:2      | 1096 ||| DROPPING potion of lignification.
  1123 | D:3      | 1123 ||| PLANNING SEWER
  1151 | D:3      | Reached XP level 4. HP: 25/25 MP: 3/6
  1351 | D:3      | Found a blossoming altar of Fedhas.
  1459 | D:3      | Found a broken altar of Ashenzari.
  1591 | D:3      | Noticed Jessica
  1596 | D:3      | Killed Jessica
  1597 | D:3      | Reached skill level 8 in Ranged Weapons
  1604 | D:3      | Found a shimmering blue altar of Sif Muna.
  1627 | D:3      | Found a shimmering altar of Xom.
  1666 | D:3      | Found a glowing drain.
  1667 | D:3      | 1667 ||| READING 3 scrolls labelled CUKODO ESAPOWK.
  1668 | D:3      | 1668 ||| DROPPING 2 scrolls of revelation.
  1677 | Sewer    | Entered a sewer
  1690 | Sewer    | Reached XP level 5. HP: 25/29 MP: 5/7
  1727 | Sewer    | 1727 ||| READING scroll of enchant armour.
  1727 | Sewer    | 1727 ||| ENCHANTING +1 pair of gloves.
  1752 | Sewer    | Noticed Pargi
  1780 | Sewer    | Killed Pargi
  1781 | Sewer    | Reached skill level 9 in Ranged Weapons
  1839 | Sewer    | Reached skill level 3 in Dodging
  1839 | Sewer    | Reached XP level 6. HP: 34/34 MP: 6/8
  1890 | D:3      | 1890 ||| PLANNING D:1-11
  2122 | D:3      | 2122 ||| UPGRADING to +0 scale mail.
  2132 | D:3      | 2132 ||| DROPPING +0 leather armour.
  2276 | D:4      | 2276 ||| SWAPPING to +0 orcbow.
  2277 | D:4      | 2277 ||| DROPPING +0 shortbow.
  2312 | D:4      | Reached skill level 1 in Armour
  2623 | D:4      | Found a radiant altar of Vehumet.
  2663 | D:4      | Found an iron altar of Okawaru.
  2664 | D:4      | 2664 ||| PLANNING OKAWARU WORSHIP
  2860 | D:4      | Reached skill level 10 in Ranged Weapons
  2860 | D:4      | Reached XP level 7. HP: 40/40 MP: 9/9
  3062 | D:4      | 3062 ||| UPGRADING to +6 ring of strength.
  3063 | D:4      | 3063 ||| READING scroll of identify.
  3063 | D:4      | 3063 ||| IDENTIFYING 2 sapphire potions
  3064 | D:4      | 3064 ||| READING 2 scrolls labelled WOCINE CAAGONG.
  3065 | D:4      | 3065 ||| DROPPING scroll of blinking.
  3143 | D:4      | Became a worshipper of Warmaster Okawaru
  3144 | D:4      | 3144 ||| PLANNING D:1-11
  3144 | D:4      | 3144 ||| REMOVING amulet of guardian spirit.
  3203 | D:5      | Entered Level 5 of the Dungeon
  3397 | D:5      | Reached skill level 11 in Ranged Weapons
  3614 | D:5      | Found a stormy altar of Qazlal.
  3639 | D:5      | Noticed Blork the orc
  3642 | D:5      | 3642 ||| FLEEEEING.
  3643 | D:5      | 3643 ||| FLEEEEING.
  3644 | D:5      | 3644 ||| FLEEEEING.
  3645 | D:5      | 3645 ||| FLEEEEING.
  3646 | D:5      | 3646 ||| FLEEEEING.
  3647 | D:5      | 3647 ||| FLEEEEING.
  3648 | D:5      | 3648 ||| FLEEEEING.
  3649 | D:5      | 3649 ||| FLEEEEING.
  3650 | D:5      | 3650 ||| FLEEEEING.
  3651 | D:5      | 3651 ||| FLEEEEING.
  3652 | D:5      | 3652 ||| FLEEEEING.
  3653 | D:5      | 3653 ||| FLEEEEING.
  3654 | D:5      | 3654 ||| FLEEEEING.
  3655 | D:5      | 3655 ||| FLEEEEING.
  3656 | D:5      | 3656 ||| FLEEEEING.
  3657 | D:5      | 3657 ||| FLEEEEING.
  3658 | D:5      | 3658 ||| FLEEEEING.
  3659 | D:5      | 3659 ||| FLEEEEING.
  3660 | D:5      | 3660 ||| FLEEEEING.
  3661 | D:5      | 3661 ||| FLEEEEING.
  3662 | D:5      | 3662 ||| FLEEEEING.
  3663 | D:5      | 3663 ||| FLEEEEING.
  3664 | D:5      | 3664 ||| FLEEEEING.
  3665 | D:5      | 3665 ||| FLEEEEING.
  3666 | D:5      | 3666 ||| FLEEEEING.
  3667 | D:5      | 3667 ||| FLEEEEING.
  3668 | D:5      | 3668 ||| FLEEEEING.
  3668 | D:5      | HP: 9/40 [Blork the orc/+0 halberd (6)]
  3669 | D:5      | 3669 ||| READING scroll of teleportation.
  3670 | D:5      | 3670 ||| DRINKING 4 potions of heal wounds.
  3671 | D:5      | 3671 ||| FLEEEEING.
  3672 | D:5      | 3672 ||| FLEEEEING.
  3673 | D:5      | 3673 ||| FLEEEEING.
  3674 | D:5      | 3674 ||| FLEEEEING.
  3675 | D:5      | 3675 ||| FLEEEEING.
  3676 | D:5      | 3676 ||| FLEEEEING.
  3677 | D:5      | 3677 ||| FLEEEEING.
  3678 | D:5      | 3678 ||| FLEEEEING.
  3679 | D:5      | 3679 ||| FLEEEEING.
  3680 | D:5      | 3680 ||| FLEEEEING.
  3681 | D:5      | 3681 ||| FLEEEEING.
  3682 | D:5      | 3682 ||| FLEEEEING.
  3683 | D:5      | 3683 ||| FLEEEEING.
  3684 | D:5      | 3684 ||| FLEEEEING.
  3685 | D:5      | 3685 ||| FLEEEEING.
  3686 | D:5      | 3686 ||| FLEEEEING.
  3687 | D:5      | 3687 ||| FLEEEEING.
  3688 | D:5      | 3688 ||| FLEEEEING.
  3689 | D:5      | 3689 ||| FLEEEEING.
  3763 | D:5      | 3763 ||| ZAPPING wand of acid (3) at -5,0 (Blork the orc;
                  | floor).
  3764 | D:5      | 3764 ||| ZAPPING wand of acid (2) at -4,0 (Blork the orc;
                  | floor).
  3765 | D:5      | 3765 ||| ZAPPING wand of acid (1) at -3,0 (Blork the orc;
                  | floor).
  3765 | D:5      | Killed Blork the orc
  3766 | D:5      | Reached skill level 12 in Ranged Weapons
  3766 | D:5      | Reached XP level 8. HP: 44/44 MP: 10/10
  4190 | D:5      | 4190 ||| UPGRADING to +0 ring mail.
  4200 | D:5      | 4200 ||| DROPPING +0 scale mail.
  4201 | D:5      | 4201 ||| READING scroll of identify.
  4201 | D:5      | 4201 ||| IDENTIFYING smoky puce potion
  4202 | D:5      | 4202 ||| READING scroll labelled WIOXKA NAORUZ.
  4303 | D:5      | 4303 ||| DRINKING 2 bubbling puce potions.
  4304 | D:5      | 4304 ||| FLEEEEING.
  4305 | D:5      | 4305 ||| FLEEEEING.
  4306 | D:5      | 4306 ||| FLEEEEING.
  4307 | D:5      | 4307 ||| FLEEEEING.
  4308 | D:5      | 4308 ||| FLEEEEING.
  4309 | D:5      | 4309 ||| FLEEEEING.
  4310 | D:5      | 4310 ||| FLEEEEING.
  4311 | D:5      | 4311 ||| FLEEEEING.
  4312 | D:5      | 4312 ||| FLEEEEING.
  4313 | D:5      | 4313 ||| FLEEEEING.
  4314 | D:5      | 4314 ||| FLEEEEING.
  4315 | D:5      | 4315 ||| FLEEEEING.
  4316 | D:5      | 4316 ||| FLEEEEING.
  4317 | D:5      | 4317 ||| FLEEEEING.
  4318 | D:5      | 4318 ||| FLEEEEING.
  4319 | D:5      | 4319 ||| FLEEEEING.
  4320 | D:5      | 4320 ||| FLEEEEING.
  4321 | D:5      | 4321 ||| FLEEEEING.
  4322 | D:5      | 4322 ||| FLEEEEING.
  4323 | D:5      | 4323 ||| FLEEEEING.
  4324 | D:5      | 4324 ||| FLEEEEING.
  4325 | D:5      | 4325 ||| FLEEEEING.
  4326 | D:5      | 4326 ||| FLEEEEING.
  4327 | D:5      | 4327 ||| FLEEEEING.
  4328 | D:5      | 4328 ||| FLEEEEING.
  4329 | D:5      | 4329 ||| FLEEEEING.
  4330 | D:5      | 4330 ||| FLEEEEING.
  4331 | D:5      | 4331 ||| FLEEEEING.
  4332 | D:5      | 4332 ||| FLEEEEING.
  4333 | D:5      | 4333 ||| FLEEEEING.
  4334 | D:5      | 4334 ||| FLEEEEING.
  4335 | D:5      | 4335 ||| FLEEEEING.
  4336 | D:5      | 4336 ||| FLEEEEING.
  4337 | D:5      | 4337 ||| FLEEEEING.
  4338 | D:5      | 4338 ||| FLEEEEING.
  4339 | D:5      | 4339 ||| FLEEEEING.
  4340 | D:5      | 4340 ||| FLEEEEING.
  4341 | D:5      | 4341 ||| FLEEEEING.
  4342 | D:5      | 4342 ||| FLEEEEING.
  4343 | D:5      | 4343 ||| DROPPING potion of berserk rage.
  4460 | D:6      | Reached * piety under Okawaru
  4461 | D:6      | Reached skill level 3 in Fighting
  4466 | D:6      | Reached skill level 1 in Invocations
  4500 | D:6      | 4500 ||| READING scroll of acquirement.
  4500 | D:6      | 4500 ||| ACQUIRING +2 arbalest of freezing
  4500 | D:6      | Acquired a +2 arbalest of freezing
  4502 | D:6      | 4502 ||| SWAPPING to +2 arbalest of freezing.
  4503 | D:6      | 4503 ||| DROPPING +0 orcbow.
  4841 | D:6      | 4841 ||| READING scroll of identify.
  4841 | D:6      | 4841 ||| IDENTIFYING fuming silvery potion
  4922 | D:7      | Reached skill level 3 in Invocations
  4951 | D:7      | Reached skill level 13 in Ranged Weapons
  4962 | D:7      | Found a flagged portal.
  4973 | D:7      | Reached ** piety under Okawaru
  5003 | D:7      | Reached XP level 9. HP: 51/51 MP: 14/14
  5039 | D:7      | Identified the +0 pair of boots "Egymoahe" {Fly}
  5526 | D:7      | Reached skill level 14 in Ranged Weapons
  5527 | D:7      | Found a staircase to the Ecumenical Temple.
  5680 | D:7      | 5680 ||| UPGRADING to +0 pair of boots "Egymoahe" {Fly}.
  5685 | D:7      | 5685 ||| DROPPING scarf of shadows.
  5686 | D:7      | 5686 ||| READING scroll of identify.
  5686 | D:7      | 5686 ||| IDENTIFYING sedimented ruby potion
  5687 | D:7      | 5687 ||| DROPPING potion of degeneration.
  5789 | D:8      | Reached *** piety under Okawaru
  5894 | D:8      | Noticed a death yak
  5894 | D:8      | Noticed a death yak
  5894 | D:8      | Noticed a death yak
  5894 | D:8      | Noticed a death yak
  5894 | D:8      | Noticed a death yak
  5895 | D:8      | 5895 ||| RETREEEEATING.
  5898 | D:8      | Reached skill level 15 in Ranged Weapons
  5899 | D:8      | 5899 ||| RETREEEEATING.
  5901 | D:8      | 5901 ||| RETREEEEATING.
  5902 | D:8      | 5902 ||| RETREEEEATING.
  5904 | D:8      | 5904 ||| INVOKING Heroism.
  5911 | D:8      | Killed a death yak
  5912 | D:8      | HP: 12/51 [death yak (6)]
  5913 | D:8      | 5913 ||| DRINKING 3 potions of heal wounds.
  5915 | D:8      | 5915 ||| DRINKING 2 potions of heal wounds.
  5921 | D:8      | Killed a death yak
  5921 | D:8      | Reached **** piety under Okawaru
  5922 | D:8      | Reached skill level 3 in Armour
  5922 | D:8      | Reached XP level 10. HP: 39/56 MP: 15/15
  5923 | D:8      | 5923 ||| INVOKING Finesse.
  5924 | D:8      | 5924 ||| INVOKING Finesse.
  5930 | D:8      | Killed a death yak
  5966 | D:8      | Noticed a death yak
  5967 | D:8      | 5967 ||| INVOKING Finesse.
  5978 | D:8      | Noticed a death yak
  5980 | D:8      | 5980 ||| RETREEEEATING.
  5984 | D:8      | Killed a death yak
  5984 | D:8      | HP: 3/58 [death yak (19)]
  5985 | D:8      | 5985 ||| DRINKING potion of heal wounds.
  5986 | D:8      | HP: 1/58 [death yak (17)]
  5988 | D:8      | Slain by a death yak

Levels and vault maps discovered:
D:1:      sevenhm_arrival_forest_fort_small_4, layout_basic
D:2:      layout_rooms, serial_shops, nicolae_shop_tiny_real_fake_doors
D:3:      layout_basic, dk_xom_monty_hall, lemuel_doored_altar, tgw_sif,
          lemuel_round_altar, portal_sewer_entry_d
D:4:      layout_loops_corners, mainiacjoe_overflow_catwalk_spiral,
          serial_demonic, serial_demonic_g, serial_demonic_f, serial_demonic_b,
          serial_demonic_b
D:5:      layout_basic, nicolae_qazlal_general_emergency, uniq_blork_the_orc
D:6:      layout_rooms
D:7:      layout_basic, temple_hall, enter_bailey_2
D:8:      layout_gridville, dpeg_lair_monsters, minmay_between

Skill      XL: |  1  2  3  4  5  6  7  8  9 10 |
---------------+-------------------------------+-----
Ranged Weapons | 6 7 8 9 10 12 13 15 | 15.6
Dodging        | 3 5 7 |  7.8
Fighting       | 2 3 4 |  4.4
Armour         | 1 3 |  3.5
Invocations    | 4 |  4.2
Stealth        | |  1.2

Action                     |  1- 3 |  4- 6 |  7- 9 | 10-12 || total
---------------------------+-------+-------+-------+-------++-------
   Fire: Shortbow          |   139 |   110 |       |       ||   249
         Orcbow            |       |    55 |   102 |       ||   157
         Arbalest          |       |       |   117 |    26 ||   143
 Invoke: Heroism           |       |       |     1 |       ||     1
         Finesse           |       |       |       |     2 ||     2
  Evoke: Wand              |       |       |     3 |       ||     3
    Use: Scroll            |     8 |     2 |     8 |       ||    18
         Potion            |       |       |     4 |     1 ||     5
 Armour: Leather armour    |    25 |    68 |       |       ||    93
         Scale mail        |       |    35 |    30 |       ||    65
         Skin              |       |       |     4 |       ||     4
         Ring mail         |       |       |    50 |    12 ||    62
  Dodge: Dodged            |    27 |    68 |    88 |     3 ||   186

Table legend:
 A = Non-vault XP
 B = Vault XP
 C = Vault XP percentage of total XP
 D = Non-vault monster count
 E = Vault monster count
 F = Vault count percentage of total count
                 A         B        C        D         E       F
            +---------+---------+-------+---------+---------+-------
      Total |    3257 |    4153 |  56.0 |     135 |      27 |  16.7
            +---------+---------+-------+---------+---------+-------
        D:1 |      56 |       0 |   0.0 |      36 |       0 |   0.0
        D:2 |      30 |       0 |   0.0 |      18 |       0 |   0.0
        D:3 |      36 |     132 |  78.6 |      11 |       4 |  26.7
        D:4 |     267 |      38 |  12.5 |      15 |       4 |  21.1
        D:5 |     582 |      94 |  13.9 |      14 |       1 |   6.7
        D:6 |     614 |       0 |   0.0 |      17 |       0 |   0.0
        D:7 |    1290 |       0 |   0.0 |      17 |       0 |   0.0
        D:8 |     382 |    3589 |  90.4 |       7 |       8 |  53.3
      Sewer |       0 |     300 | 100.0 |       0 |      10 | 100.0
            +---------+---------+-------+---------+---------+-------
